 Dungeon Crawl Stone Soup version 0.30-a0-462-gd5975efbca (webtiles) character file.

Game seed: 16867384848698570238

2748 HoaS the Skirmisher (level 9, 0/48 HPs)
             Began as a Tengu Hunter on Dec 16, 2022.
             Was a Believer of Okawaru.
             Slain by a slime creature (12 damage)
             ... on level 7 of the Dungeon.
             The game lasted 00:12:55 (6233 turns).

HoaS the Skirmisher (Tengu Hunter)                  Turns: 6233, Time: 00:12:55

Health: 0/48       AC:  4    Str: 12    XL:     9   Next: 68%
Magic:  12/12      EV: 15    Int:  9    God:    Okawaru [**....]
Gold:   28         SH:  0    Dex: 22    Spells: 8/8 levels left

rFire   . . .      SeeInvis .    a - +0 shortbow
rCold   . . .      Faith    .    (shield currently unavailable)
rNeg    . . .      Spirit   .    u - +1 leather armour of Vumyd {Will+}
rPois   +          Reflect  .    (helmet restricted)
rElec   .          Harm     .    (no cloak)
rCorr   .          Rampage  .    (no gloves)
Will    +....                    (boots unavailable)
Stlth   ++........               (no amulet)
HPRegen 0.28/turn                i - ring of poison resistance
MPRegen 0.13/turn                m - +4 ring of slaying

@: flying quickly and evasively, quick
A: beak, talons 3, nimble flight
a: Renounce Religion, Heroism


You were on level 7 of the Dungeon.
You worshipped Okawaru.
Okawaru was pleased with you.
You visited 2 branches of the dungeon, and saw 8 of its levels.

You collected 357 gold pieces.
You spent 329 gold pieces at shops.

Inventory:

Hand Weapons
 a - a +0 shortbow (weapon)
Missiles
 o - a throwing net
Armour
 u - the +1 leather armour of Vumyd (worn) {Will+}
   (You bought it in a shop on level 7 of the Dungeon)

   Will:      It increases your willpower.
Jewellery
 i - a ring of poison resistance (left hand)
 m - a +4 ring of slaying (right hand)
 n - a ring of protection from fire
Wands
 d - a wand of light (15)
 s - a wand of mindburst (10)
Scrolls
 b - 3 scrolls of immolation
 g - 2 scrolls of blinking
 h - a scroll of torment
 j - 2 scrolls of enchant armour
 p - 2 scrolls of teleportation
 r - a scroll of identify
Potions
 c - 2 potions of berserk rage {unknown}
 e - a potion of attraction {unknown}
 f - a potion of ambrosia {unknown}
 k - 3 potions of mutation
 l - a potion of lignification {unknown}
 q - 3 potions of curing
 t - a potion of might


   Skills:
 - Level 2.0 Fighting
 * Level 14.1 Ranged Weapons
 - Level 2.1 Dodging
 - Level 1.0 Stealth
 - Level 3.0 Invocations


You had 8 spell levels left.
You didn't know any spells.
Your spell library contained the following spells:

 Spells                   Type           Power      Damage    Failure   Level
 Foxfire                  Conj/Fire      0%         2x1d4     45%         1
 Magic Dart               Conj           0%         1d3       45%         1
 Blink                    Tloc           0%         N/A       61%         2
 Momentum Strike          Conj/Tloc      0%         3d8       61%         2
 Searing Ray              Conj           0%         2d4       61%         2
 Lesser Beckoning         Tloc           0%         N/A       83%         3
 Fulminant Prism          Conj/Hex       0%         3d5       99%         4
 Fireball                 Conj/Fire      0%         3d3       100%        5
 Freezing Cloud           Conj/Ice/Air   0%         6-21      100%        5
 Starburst                Conj/Fire      0%         6d3       100%        6
 Polar Vortex             Ice            0%         N/A       100%        9
 Summon Small Mammal      Summ           Unusable   N/A       N/A         1
 Call Canine Familiar     Summ           Unusable   N/A       N/A         3
 Summon Guardian Golem    Hex/Summ       Unusable   N/A       N/A         3
 Simulacrum               Ice/Necr       Unusable   N/A       N/A         6

Dungeon Overview and Level Annotations

Branches:
Dungeon (7/15)             Temple (1/1) D:4

Altars:
Ashenzari
Cheibriados
Dithmenos
Elyvilon
Gozag
Hepliaklqana
Kikubaaqudgha
Makhleb
Nemelex Xobeh
Okawaru
Uskayaw
Vehumet
Wu Jian
Xom
Zin
The Shining One

Shops:
D:6 ?   D:7 [

Annotations:
D:6 1 runed translucent door, DEFE's ghost, novice DsWn
D:7 2 runed translucent doors


Innate Abilities, Weirdness & Mutations

You have a beak for a mouth.
You have claws for feet.
Your magical nature lets you fly swiftly and evasively.


Message History

You shoot an arrow. The arrow hits the orc warrior.
The orc warrior is almost dead.
A sky beast appears from thin air!
Reactivating autopickup.
The orc warrior misses you.
You shoot an arrow.
The arrow completely misses the orc warrior.
The orc warrior misses you.
You shoot an arrow.
The arrow barely misses the orc warrior.
The sky beast flickers out of sight!
Deactivating autopickup; reactivate with Ctrl-A.
The orc warrior barely misses you.
You shoot an arrow. The arrow hits the orc warrior.
You kill the orc warrior!
Okawaru accepts your kill.
You shoot an arrow. You shoot an arrow. Something hits you but does no damage.
You shoot an arrow. Something hits you. Something shocks you.
* * * LOW HITPOINT WARNING * * *
You shoot an arrow. Something hits you but does no damage.
You shoot an arrow. Something closely misses you.
You shoot an arrow. Something hits you but does no damage.
You shoot an arrow. You shoot an arrow. Okawaru accepts your kill.
Reactivating autopickup.
You feel a bit more experienced.
Your Ranged Weapons skill increases to level 14!
Things that are here:
a +0 battleaxe; a +0 plate armour A slime creature comes into view.
The slime creature quivers.
You shoot an arrow. The arrow hits the slime creature!
The slime creature is moderately wounded.
The slime creature barely misses you.
You shoot an arrow. The arrow hits the slime creature!
The slime creature is moderately wounded.
The slime creature hits you!
You die...

##...## ##.....## ...)##
##......## ..).#
#........#####
....########>..#..#.....####
..................####.....#
...######..######..# ###...#
#.## .##.# ##..# #.# #J#.#
#..# #.# #@#.# #.## ..#
###.#.## #.## #.# ##.#)#..#
#..###### ..# #.#.##..#
#..##.... ... #'###...##
#..##.#♣♣ .#.
######.....#..## #.....# #
... #8:)8##.####...#
##...##♣# # 8....8#..# #...#
#.....♣# .....h+..# #...#
###...♣♣


You could see a slime creature.

Vanquished Creatures
  Grinder (D:3)
  Duvessa (D:5)
  A water moccasin (D:4)
  An orc warrior (D:7)
  An ice beast (D:6)
  2 sky beasts (D:7)
  A black bear (D:4)
  3 ogres (D:5)
  A phantom (D:6)
  Blork the orc (D:5)
  3 bullfrogs (D:7)
  3 scorpions
  A necrophage (D:6)
  3 wights (D:6)
  Dowan (D:5)
  2 howler monkeys (D:7)
  4 hounds
  3 orc priests
  2 jellies
  Terence (D:2)
  Jessica (D:2)
  4 iguanas
  Natasha (D:3)
  2 orc wizards (D:7)
  Robin (D:3)
  7 adders
  4 gnolls (D:5)
  3 worms (D:2)
  A dart slug (D:1)
  29 orcs
  7 bats
  8 endoplasms
  4 giant cockroaches
  19 goblins
  17 hobgoblins
  12 kobolds
  4 quokkas
  8 ball pythons
  4 frilled lizards
  5 rats
177 creatures vanquished.

Vanquished Creatures (others)
  5 plants (D:5)
5 creatures vanquished.

Grand Total: 182 creatures vanquished

Notes
Turn   | Place    | Note
-------+----------+-------------------------------------------
     0 | D:1      | HoaS the Tengu Hunter began the quest for the Orb.
     0 | D:1      | Reached XP level 1. HP: 12/12 MP: 2/2
   153 | D:1      | Reached XP level 2. HP: 17/17 MP: 3/3
   159 | D:1      | Reached skill level 5 in Ranged Weapons
   266 | D:1      | Reached XP level 3. HP: 21/21 MP: 4/4
   907 | D:2      | Noticed Jessica
   911 | D:2      | Killed Jessica
   912 | D:2      | Reached skill level 6 in Ranged Weapons
   912 | D:2      | Reached XP level 4. HP: 26/26 MP: 5/5
   979 | D:2      | Found a faded altar of an unknown god.
  1091 | D:2      | Noticed Terence
  1104 | D:2      | Killed Terence
  1105 | D:2      | Gained mutation: Your magical nature lets you fly swiftly
                  | and evasively. [Tengu growth]
  1105 | D:2      | Reached XP level 5. HP: 28/30 MP: 6/6
  1195 | D:2      | Reached skill level 7 in Ranged Weapons
  1720 | D:3      | Noticed Robin
  1728 | D:3      | Killed Robin
  1782 | D:3      | Found a hide-covered altar of Uskayaw.
  1938 | D:3      | Noticed Grinder
  1975 | D:3      | Killed Grinder
  1976 | D:3      | Reached skill level 8 in Ranged Weapons
  1976 | D:3      | Reached XP level 6. HP: 2/35 MP: 7/7
  2157 | D:3      | Noticed Natasha
  2176 | D:3      | Killed Natasha
  2177 | D:3      | Reached XP level 7. HP: 8/40 MP: 8/8
  2462 | D:3      | Reached skill level 9 in Ranged Weapons
  3056 | D:4      | Found an opulent altar of Gozag.
  3095 | D:4      | Found a staircase to the Ecumenical Temple.
  3104 | Temple   | Entered the Ecumenical Temple
  3228 | Temple   | Became a worshipper of Warmaster Okawaru
  3610 | D:5      | Entered Level 5 of the Dungeon
  3621 | D:4      | Reached skill level 1 in Invocations
  3839 | D:5      | Reached skill level 10 in Ranged Weapons
  3850 | D:5      | Reached XP level 8. HP: 44/44 MP: 10/10
  4083 | D:5      | Noticed Dowan
  4087 | D:5      | Noticed Duvessa
  4107 | D:5      | Killed Duvessa
  4107 | D:5      | HP: 1/44 [Dowan/stone arrow (17)]
  4109 | D:5      | Killed Dowan
  4239 | D:5      | Found a glowing silver altar of Zin.
  4265 | D:5      | Reached * piety under Okawaru
  4464 | D:5      | Noticed Blork the orc
  4477 | D:5      | Killed Blork the orc
  4478 | D:5      | Reached skill level 11 in Ranged Weapons
  4916 | D:5      | HP: 1/44 [ogre/+0 giant spiked club (36)]
  5184 | D:6      | Reached skill level 12 in Ranged Weapons
  5194 | D:6      | Reached XP level 9. HP: 48/48 MP: 12/12
  5272 | D:6      | Found Rist's Magic Scroll Shop.
  5282 | D:6      | Bought a scroll of teleportation for 36 gold pieces
  5282 | D:6      | Bought a scroll of identify for 24 gold pieces
  5282 | D:6      | Bought a scroll of identify for 24 gold pieces
  5328 | D:6      | Reached ** piety under Okawaru
  5353 | D:6      | Found a shadowy altar of Dithmenos.
  5357 | D:6      | Identified the +5 dagger of the Endless March {antimagic,
                  | rElec Str+4 Int-4 Dex+9}
  5416 | D:6      | Reached skill level 13 in Ranged Weapons
  5668 | D:6      | Found a runed translucent door.
  5672 | D:6      | Found a shimmering altar of Xom.
  5672 | D:6      | Noticed DEFE's ghost (novice DsWn)
  5673 | D:6      | Noticed a +1 trident of chaos
  6019 | D:7      | Found Utalis's Antique Armour Shoppe.
  6022 | D:7      | Bought a polished leather armour for 245 gold pieces
  6022 | D:7      | Identified the +1 leather armour of Vumyd {Will+} (You
                  | bought it in a shop on level 7 of the Dungeon)
  6076 | D:7      | Found a large runed translucent door.
  6077 | D:7      | Found a large runed translucent door.
  6189 | D:7      | Noticed a gargoyle
  6229 | D:7      | Reached skill level 14 in Ranged Weapons
  6233 | D:7      | Slain by a slime creature

Illustrated notes

Levels and vault maps discovered:
D:1:      minmay_arrival_glassed_features, layout_basic, minmay_misc_feat_tiny
D:2:      minmay_diamond_boxcup, layout_basic,
          shapermc_ecumenical_altar_starsandcircs, minivault_25, uniq_terence,
          uniq_jessica
D:3:      layout_rooms, nicolae_uskayaw_murder_on_the_dancefloor, serial_glass,
          glass_columns_c, glass_columns_a, glass_columns_b, glass_columns_b,
          glass_columns_b, glass_columns_a, glass_columns_b, glass_columns_a,
          amethyst_killhole, uniq_grinder, uniq_robin, uniq_natasha
D:4:      layout_basic, grunt_gozag_statues, temple_statues,
          minmay_pentomino_pile
D:5:      layout_rooms, mainiacjoe_overflow_cross_hatched, st_stairs_5,
          nicolae_eternal_life, roderic_three_in_a_row, serial_bayou_lagoon_b,
          uniq_blork_the_orc, uniq_duvessa
D:6:      layout_cave_pools, grunt_dithmenos_smoke_and_mirrors,
          ebering_ghost_xom, serial_shops, shop, eino_tiny_chamber
D:7:      layout_layer_cave, nicolae_overflow_hidden_temple, serial_shops,
          kennysheep_mini_moat, minmay_hollow_rounded_squares
Temple:   hc_temple_tempest_star

Skill      XL: |  1  2  3  4  5  6  7  8  9 |
---------------+----------------------------+-----
Ranged Weapons | 5 6 8 10 12 14 | 14.1
Invocations    | 2 3 |  3.0
Fighting       | |  2.0
Dodging        | |  2.1
Stealth        | |  1.0

Action                   |  1- 3 |  4- 6 |  7- 9 || total
-------------------------+-------+-------+-------++-------
 Fire: Shortbow          |    93 |   156 |   355 ||   604
  Use: Scroll            |       |    10 |     6 ||    16
       Potion            |       |     4 |     3 ||     7
Armor: Leather armour    |     7 |     7 |    28 ||    42
Dodge: Dodged            |    15 |    42 |    96 ||   153

Table legend: (Time is in decaauts)
 A = Elapsed time spent in this place.
 B = Non-inter-level travel time spent in this place.
 C = Inter-level travel time spent in this place.
 D = Time resting spent in this place.
 E = Time spent auto-exploring this place.
 F = Levels seen in this place.
 G = Mean time per level.
                   A        B        C        D        E       F      G
               +--------+--------+--------+--------+--------+-----+--------+
         Total |   5942 |   5742 |    200 |   1346 |   3189 |   8 |  742.8 |
       Dungeon |   5821 |   5629 |    192 |   1346 |   3115 |   7 |  831.6 |
        Temple |    120 |    112 |      8 |      0 |     74 |   1 |  120.0 |
               +--------+--------+--------+--------+--------+-----+--------+

Top non-repeatable levels by time:
     D:5: 1263 daAuts
     D:3: 949 daAuts
     D:4: 940 daAuts
     D:1: 826 daAuts
     D:2: 809 daAuts
     D:6: 666 daAuts
     D:7: 365 daAuts
  Temple: 120 daAuts
